 Dungeon Crawl Stone Soup version 0.28.0 (webtiles) character file.

Game seed: 5128311596115997396

32 Descartes the Grasshopper (level 3, -2/27 HPs)
             Began as a Formicid Warper on Feb 4, 2022.
             Slain by a worm (5 damage)
             ... on level 2 of the Dungeon.
             The game lasted 00:03:35 (2182 turns).

Descartes the Grasshopper (Formicid Warper)         Turns: 2182, Time: 00:03:35

Health: -2/27      AC:  6    Str: 15    XL:     3   Next: 45%
Magic:  6/6        EV:  9    Int: 12    God:
Gold:   78         SH:  0    Dex: 12    Spells: 6/6 levels left

rFire   . . .      SeeInvis +   i - +1 dagger (pain)
rCold   . . .      Faith    .   (no shield)
rNeg    . . .      Spirit   .   j - +0 scale mail
rPois   .          Reflect  .   (helmet unavailable)
rElec   .          Harm     .   (no cloak)
rCorr   .          Rampage  .   (no gloves)
Will    .....                   (no boots)
Stlth   ..........              (no amulet)
HPRegen 0.09/turn               (no ring)
MPRegen 0.10/turn               (no ring)

@: no status effects
A: permanent stasis, dig shafts and tunnels, antennae 3, four strong arms
a: Dig, Shaft Self


You were on level 2 of the Dungeon.
You visited 1 branch of the dungeon, and saw 2 of its levels.

You collected 78 gold pieces.

Inventory:

Hand Weapons
 a - a +0 hand axe
 i - a +1 dagger of pain (weapon)
Missiles
 c - 5 boomerangs of dispersal (quivered)
 d - 42 arrows
 g - 23 stones
Armour
 b - a +0 leather armour
 e - a +0 ring mail
 j - a +0 scale mail (worn)
Scrolls
 f - 2 scrolls of fear {unknown}
 h - a scroll of teleportation {unknown}


   Skills:
 - Level 2.1 Fighting
 - Level 2.0 Axes
 - Level 1.0 Throwing
 + Level 1.4 Armour
 - Level 1.7 Dodging
 - Level 2.1 Spellcasting
 * Level 3.8 Translocations


You had 6 spell levels left.
You didn't know any spells.
Your spell library contained the following spells:

 Spells                   Type           Power      Damage    Failure   Level
 Gell's Gravitas          Tloc           10%        N/A       54%         3
 Lesser Beckoning         Tloc           10%        N/A       54%         3
 Teleport Other           Tloc           10%        N/A       54%         3
 Animate Skeleton         Necr           2%         N/A       71%         1
 Pain                     Necr           4%         1d4       71%         1
 Corpse Rot               Necr/Air       2%         N/A       85%         2
 Vampiric Draining        Necr           1%         2d6       97%         3
 Manifold Assault         Tloc           10%        N/A       99%         5
 Blink                    Tloc           Unusable   N/A       N/A         2

Dungeon Overview and Level Annotations

Branches:
Dungeon (2/15)

Altars:
Kikubaaqudgha


Innate Abilities, Weirdness & Mutations

You cannot be hasted, slowed, berserked, paralysed or teleported.
You can dig through walls and to a lower floor.
You have a pair of large antennae on your head. (SInv)
Your four strong arms can wield two-handed weapons with a shield.


Message History

The worm bites you.
You barely miss the worm. The worm barely misses you.
You hit the worm but do no damage. You hit the worm.
The worm is lightly wounded.
The worm bites you.
You hit the worm but do no damage.
The worm is lightly wounded.
You hit the worm but do no damage. You punch the worm, but do no damage.
The worm is lightly wounded.
The worm misses you.
You hit the worm.
The worm is lightly wounded.
The worm bites you.
You hit the worm.
The worm is moderately wounded.
You barely miss the worm.
The worm is moderately wounded.
The worm barely misses you.
You hit the worm.
The worm is moderately wounded.
You hit the worm.
The worm is moderately wounded.
The worm bites you.
* * * LOW HITPOINT WARNING * * *
You hit the worm.
The worm is heavily wounded.
The worm bites you.
* * * LOW HITPOINT WARNING * * *
You hit the worm.
The worm is heavily wounded.
You hit the worm.
The worm is severely wounded.
The worm closely misses you.
You hit the worm.
The worm is severely wounded.
You hit the worm but do no damage. Your punch misses the worm.
The worm is severely wounded.
The worm bites you.
You die...

##.##...##.###.....#.#
..#...8...#.......####
..#..#...#..#.....#.#
....#..8..#....#.####
#..#.......#..#.#.#
####.##.##.########
###...### ##.## #@..#
......w.#......
.####..###..### ....
.... .#### ####. # #


You could see a worm.

Vanquished Creatures
  A hound zombie (D:2)
  An adder (D:2)
  2 adder zombies (D:2)
  2 dart slugs
  2 bats
  A bat skeleton (D:2)
  A bat zombie (D:2)
  A giant cockroach (D:1)
  2 goblins (D:1)
  2 hobgoblins (D:1)
  2 jackals (D:1)
  A ball python (D:1)
  2 dart slug zombies
  4 frilled lizards
  A frilled lizard zombie (D:2)
  2 kobolds (D:2)
  An orc skeleton (D:2)
  A rat (D:1)
  A rat skeleton (D:2)
30 creatures vanquished.

Notes
Turn   | Place    | Note
-------+----------+-------------------------------------------
     0 | D:1      | Descartes the Formicid Warper began the quest for the Orb.
     0 | D:1      | Reached XP level 1. HP: 16/16 MP: 3/3
   304 | D:1      | Reached skill level 3 in Translocations
   466 | D:1      | Reached XP level 2. HP: 22/22 MP: 5/5
   851 | D:1      | Found a faded altar of an unknown god.
   893 | D:1      | Prayed at the altar of an unknown god.
   893 | D:1      | Became a worshipper of Kikubaaqudgha
   893 | D:1      | Reached * piety under Kikubaaqudgha
   893 | D:1      | Received a gift from Kikubaaqudgha
   894 | D:1      | Fell from the grace of Kikubaaqudgha
  1581 | D:2      | Reached XP level 3. HP: 12/27 MP: 6/6
  2182 | D:2      | Slain by a worm

Illustrated notes

Levels and vault maps discovered:
D:1:      dpeg_arrival_ternary, layout_loops_corners,
          shapermc_ecumenical_altar_ellora
D:2:      wad_crossroads, layout_rooms, nicolae_elevator_lobby_plus

Skill      XL: |  1 |
---------------+----+-----
Translocations | 3 |  3.8
Fighting       | |  2.1
Axes           | |  2.0
Throwing       | |  1.0
Armour         | |  1.4
Dodging        | |  1.7
Spellcasting   | |  2.1

Action                   || total
-------------------------++-------
Melee: Hand axe          ||     9
       Dagger            ||   160
       Punch             ||     1
Invok: Renounce Religion ||     1
  Use: Potion            ||     1
 Stab: Sleeping          ||     1
Armor: Leather armour    ||     5
       Scale mail        ||    59
Dodge: Dodged            ||    70
